Match 47423833
Unlisted

Match 47423833
End
Construct Section Command Post
Selects Canadian Shock Battlegroup
Royal Engineer Section
ML 3-inch Mortar Team
Vickers Machine Gun Team
Royal Engineer Section
Selects Attacking Spirit
Selects Canadian Shock Section
Canadian Shock Section
Selects Incendiary Munitions
Construct Platoon Command Post
Humber Armored Car
Unlock Bishop Self-propelled Artillery
Canadian Shock Section
Selects Pyrotechnics
Construct Company Command Post
Unlock M3 Grant Medium Tanks
M3 Grant Medium Tank
Selects Demolition Engineering
M3 Grant Medium Tank
Canadian Shock Section
M3 Grant Medium Tank
Selects Smoke Operation
CMP 15cwt Truck
Bishop Self-propelled Artillery
Infantry Training
Valkyre~117~
A2O
Cpt.Nuggets
Fate
mi prima de Cifuentes
KuruKuru
zuikaku0302
old tiger
0
0

Comments sign in to comment!

No comments posted yet!